Admirals NSH vs Rampage

Created - Wednesday, February 11, 2015 at 23:58

Goals
1 2 3 T
Admirals NSH 0 1 2 3
Rampage 0 1 0 1
Shots
1 2 3 T
Admirals NSH 7 3 12 22
Rampage 9 11 9 29

1st period

No Goal

Penalties :
Farm Player14 (SAN) for Hooking (Minor) at 0:30, Brody Sutter (MIL) for Holding Stick (Minor) at 1:19

2nd period

1. Rampage , Jesper Fast 13 (Keith Aulie, Adam Almquist) at 10:07
2. Admirals NSH , Adam Cracknell 5 (Corey Tropp, Mike Blunden) at 19:49 (PP)

Penalties :
Jordan Nolan (SAN) for Hooking (Minor) at 0:42, Matt Fraser (MIL) for Hooking (Minor) at 2:08, Eric Boulton (SAN) for Holding (Minor) at 19:34

3rd period

3. Admirals NSH , Corey Tropp 11 (Jamie Tardif, Mike Blunden) at 8:15
4. Admirals NSH , Corey Tropp 12 (Frazer McLaren, Jyrki Jokipakka) at 19:48

Penalties :
Martin Frk (SAN) for Fighting (Major) at 0:16, Mike Blunden (MIL) for Fighting (Major) at 0:16, Adam Almquist (SAN) for Interference (Minor) at 8:57

Goalie Stats

Johan Gustafsson (MIL), 28 saves from 29 shots - (0.966), W, 18-41-5, 60:00 minutes
Mike Murphy (SAN), 19 saves from 22 shots - (0.864), L, 6-19-1, 60:00 minutes

Players Stats for Admirals NSH

Player Name              G  A  P  +/- PIM S  H  SB GA TA FO     MP     PP MP  PK MP  
------------------------------------------------------------------------------------
Adam Cracknell           1  0  1   0  0   3  3  2  1  0  1/3    16:57   0:37   1:06 
Alexey Marchenko         0  0  0   0  0   0  3  2  1  0  0/0    22:37   2:07   0:09 
Brody Sutter             0  0  0   0  2   0  0  1  5  0  5/9    19:42   1:49   0:46 
Cameron Schilling        0  0  0   0  0   2  2  0  0  0  0/0    16:25   0:00   0:00 
Corey Tropp              2  1  3   1  0   4  2  1  2  1  0/0    19:05   2:39   0:00 
Frazer McLaren           0  1  1   1  0   1  3  0  2  0  0/0    17:47   2:24   0:00 
Frederic St. Denis       0  0  0   0  0   1  2  1  0  0  0/0    10:17   0:00   0:00 
Fredrik Claesson         0  0  0   1  0   3  0  3  0  0  0/0    25:15   2:22   2:06 
Jamie Tardif             0  1  1   0  0   2  0  0  2  1  3/10   20:35   1:50   0:59 
Jyrki Jokipakka          0  1  1   1  0   0  0  0  0  4  0/0    25:50   2:22   2:06 
Kyle Medvec              0  0  0   0  0   0  0  0  1  0  0/0     5:06   0:00   0:00 
Lane MacDermid           0  0  0   0  0   0  0  0  0  0  0/0     5:20   0:00   0:00 
Marcel Noebels           0  0  0   0  0   0  0  0  1  1  0/0    15:55   0:00   0:00 
Matt Fraser              0  0  0   0  2   2  0  0  1  0  0/0    18:44   1:49   0:21 
Mike Blunden             0  2  2   1  5   3  0  0  1  0  4/8    19:45   2:17   1:18 
Patrick Mullen           0  0  0   0  0   0  0  2  1  2  0/0    23:28   2:07   0:09 
Wade Megan               0  0  0   0  0   0  0  0  0  0  0/0     2:15   0:00   0:00 
Zach Hamill              0  0  0   0  0   1  0  0  1  0  1/2    10:56   0:00   0:00 

Players Stats for Rampage

Player Name              G  A  P  +/- PIM S  H  SB GA TA FO     MP     PP MP  PK MP  
------------------------------------------------------------------------------------
Adam Almquist            0  1  1   0  2   3  0  2  0  0  0/0    24:36   1:32   1:04 
Charles-Olivier Roussel  0  0  0   0  0   0  1  1  0  3  0/0    21:19   0:43   2:31 
Danny Kristo             0  0  0   0  0   2  3  1  4  0  4/5    21:02   0:32   3:05 
Eric Boulton             0  0  0  -1  2   1  3  1  1  0  2/3    18:04   0:23   3:32 
Farm Player14            0  0  0   1  2   0  0  0  0  0  5/8    17:21   1:20   0:25 
Farm Player22            0  0  0   0  0   0  0  0  0  0  0/0    17:23   0:00   0:54 
Jesper Fast              1  0  1   1  0   6  2  0  6  0  0/0    18:23   1:20   0:32 
Johan Sundstrom          0  0  0  -1  0   6  1  1  3  1  6/12   18:33   0:55   0:00 
John Persson             0  0  0  -1  0   0  0  0  1  0  0/0     4:52   0:00   0:00 
Jordan Nolan             0  0  0  -1  2   0  0  0  0  0  0/0    16:43   0:06   0:00 
Keith Aulie              0  1  1   0  0   3  1  3  1  1  0/0    23:50   1:32   1:58 
Kirill Kabanov           0  0  0   0  0   1  1  0  0  0  0/0    15:01   0:00   0:00 
Martin Frk               0  0  0   0  5   1  2  1  1  0  1/2    16:42   1:01   0:52 
Matt Puempel             0  0  0   0  0   0  1  0  0  0  0/0    16:17   1:08   0:32 
Ryan Potulny             0  0  0  -1  0   0  0  0  0  0  0/2     5:22   0:00   0:00 
Tim Erixon               0  0  0  -1  0   4  3  5  1  4  0/0    23:19   0:43   2:31 
Tim Miller               0  0  0   0  0   0  0  0  0  0  0/0     0:00   0:00   0:00 
Will O'Neill             0  0  0  -1  0   2  0  0  0  1  0/0    14:56   0:00   0:00 

3 Stars

1 - Corey Tropp (MIL)
2 - Johan Gustafsson (MIL)
3 - Jesper Fast (SAN)

Power Play

Admirals NSH - 1 on 4 Attempt(s) - 25.00%
Rampage - 0 on 2 Attempt(s) - 0.00%

Penalty Kill

Admirals NSH - 2 on 2 Attempt(s) - 100.00% - Score 0 goal in Penalty Kill
Rampage - 3 on 4 Attempt(s) - 75.00% - Score 0 goal in Penalty Kill

Team Stat

Admirals NSH - Hits : 15 - Faceoff Wins : 14 - Blocked Shots : 12 - Penalty Minutes : 9
Rampage - Hits : 18 - Faceoff Wins : 18 - Blocked Shots : 15 - Penalty Minutes : 13

Official

Referees : Unknown
Linesman : Unknown

Game Notes

Martin Frk and Mike Blunden fight to a draw at 0:16 of 3rd period

Finance

Level 1 -- Attendance: 1460 (73.00%) -- Ticket Income $51,100
Level 2 -- Attendance: 732 (73.20%) -- Ticket Income $10,980
Total Attendance: 2192 (73.07%)
Total Ticket Income: $62,080
Other Income: $30,419
Total Income: $92,499

Admirals NSH

5 vs 5 Forward 
   Center                   Left Wing                Right Wing               Time % Phy DF OF 
 1 Jamie Tardif             Mike Blunden             Corey Tropp              28     1   2  2  
 2 Brody Sutter             Frazer McLaren           Matt Fraser              28     1   2  2  
 3 Mike Blunden             Corey Tropp              Jamie Tardif             22     1   2  2  
 4 Mike Blunden             Marcel Noebels           Brody Sutter             22     1   2  2  

5 vs 5 Defense 
   Defense                  Defense                                           Time % Phy DF OF 
 1 Fredrik Claesson         Jyrki Jokipakka                                   30     1   2  2  
 2 Patrick Mullen           Alexey Marchenko                                  28     1   2  2  
 3 Jyrki Jokipakka          Cameron Schilling                                 21     1   2  2  
 4 Fredrik Claesson         Jyrki Jokipakka                                   21     1   2  2  

PowerPlay Forward 
   Center                   Left Wing                Right Wing               Time % Phy DF OF 
 1 Mike Blunden             Frazer McLaren           Corey Tropp              60     1   2  2  
 2 Brody Sutter             Jamie Tardif             Matt Fraser              40     1   2  2  

PowerPlay Defense
   Defense                  Defense                                           Time % Phy DF OF 
 1 Fredrik Claesson         Jyrki Jokipakka                                   60     1   2  2  
 2 Patrick Mullen           Alexey Marchenko                                  40     1   2  2  

Penalty Kill 4 Players Forward 
   Center                   Wing                     Time % Phy DF OF 
 1 Mike Blunden             Jamie Tardif             60     1   2  2  
 2 Matt Fraser              Brody Sutter             40     1   2  2  

Penalty Kill 4 Players Defense
   Defense                  Defense                  Time % Phy DF OF 
 1 Fredrik Claesson         Jyrki Jokipakka          60     1   2  2  
 2 Patrick Mullen           Alexey Marchenko         40     1   2  2  

Penalty Kill - 3 Players Forward 
   Forward                                           Time % Phy DF OF 
 1 Brody Sutter                                      60     1   2  2  
 2 Mike Blunden                                      40     1   2  2  

Penalty Kill - 3 Players Defense
   Defense                  Defense                  Time % Phy DF OF 
 1 Fredrik Claesson         Jyrki Jokipakka          60     1   2  2  
 2 Patrick Mullen           Alexey Marchenko         40     1   2  2  

4 vs 4 Forward 
   Center                   Wing                     Time % Phy DF OF 
 1 Jamie Tardif             Mike Blunden             60     1   2  2  
 2 Matt Fraser              Brody Sutter             40     1   2  2  

4 vs 4 Defense
   Defense                  Defense                  Time % Phy DF OF 
 1 Fredrik Claesson         Jyrki Jokipakka          60     1   2  2  
 2 Patrick Mullen           Alexey Marchenko         40     1   2  2  

Last Minutes Offensive
   Center                   Left Wing                Right Wing               Defense                  Defense                  
   Brody Sutter             Mike Blunden             Corey Tropp              Fredrik Claesson         Jyrki Jokipakka          

Last Minutes Defensive
   Center                   Left Wing                Right Wing               Defense                  Defense                  
   Brody Sutter             Mike Blunden             Corey Tropp              Fredrik Claesson         Jyrki Jokipakka          

Goaltenders
Starting : Johan Gustafsson         
Backup : Jeremy Smith             

Extra Forwards
Normal : Jamie Tardif, Brody Sutter, Mike Blunden - PP : Jamie Tardif, Brody Sutter - PK : Brody Sutter
Extra Defensemen
Normal : Jyrki Jokipakka, Cameron Schilling, Patrick Mullen - PP : Fredrik Claesson - PK : Cameron Schilling, Patrick Mullen
Penalty Shots
Matt Fraser, Jamie Tardif, Frazer McLaren, Brody Sutter, Mike Blunden

Rampage

5 vs 5 Forward 
   Center                   Left Wing                Right Wing               Time % Phy DF OF 
 1 Johan Sundstrom          Jordan Nolan             Danny Kristo             35     1   2  2  
 2 Farm Player14            Jesper Fast              Martin Frk               30     1   2  2  
 3 Danny Kristo             Matt Puempel             Kirill Kabanov           22     1   2  2  
 4 Danny Kristo             Eric Boulton             Jesper Fast              13     1   2  2  

5 vs 5 Defense 
   Defense                  Defense                                           Time % Phy DF OF 
 1 Keith Aulie              Adam Almquist                                     35     1   2  2  
 2 Tim Erixon               Charles-Olivier Roussel                           30     1   2  2  
 3 Will O'Neill             Farm Player22                                     22     1   2  2  
 4 Keith Aulie              Adam Almquist                                     13     1   2  2  

PowerPlay Forward 
   Center                   Left Wing                Right Wing               Time % Phy DF OF 
 1 Johan Sundstrom          Matt Puempel             Danny Kristo             60     1   2  2  
 2 Farm Player14            Jesper Fast              Martin Frk               40     1   2  2  

PowerPlay Defense
   Defense                  Defense                                           Time % Phy DF OF 
 1 Keith Aulie              Adam Almquist                                     60     1   2  2  
 2 Tim Erixon               Charles-Olivier Roussel                           40     1   2  2  

Penalty Kill 4 Players Forward 
   Center                   Wing                     Time % Phy DF OF 
 1 Eric Boulton             Danny Kristo             60     1   2  2  
 2 Jesper Fast              Matt Puempel             40     1   2  2  

Penalty Kill 4 Players Defense
   Defense                  Defense                  Time % Phy DF OF 
 1 Keith Aulie              Adam Almquist            60     1   2  2  
 2 Tim Erixon               Charles-Olivier Roussel  40     1   2  2  

Penalty Kill - 3 Players Forward 
   Forward                                           Time % Phy DF OF 
 1 Jesper Fast                                       60     1   2  2  
 2 Danny Kristo                                      40     1   2  2  

Penalty Kill - 3 Players Defense
   Defense                  Defense                  Time % Phy DF OF 
 1 Keith Aulie              Adam Almquist            60     1   2  2  
 2 Tim Erixon               Charles-Olivier Roussel  40     1   2  2  

4 vs 4 Forward 
   Center                   Wing                     Time % Phy DF OF 
 1 Johan Sundstrom          Danny Kristo             60     1   2  2  
 2 Jesper Fast              Matt Puempel             40     1   2  2  

4 vs 4 Defense
   Defense                  Defense                  Time % Phy DF OF 
 1 Keith Aulie              Adam Almquist            60     1   2  2  
 2 Tim Erixon               Charles-Olivier Roussel  40     1   2  2  

Last Minutes Offensive
   Center                   Left Wing                Right Wing               Defense                  Defense                  
   Johan Sundstrom          Jordan Nolan             Danny Kristo             Keith Aulie              Adam Almquist            

Last Minutes Defensive
   Center                   Left Wing                Right Wing               Defense                  Defense                  
   Johan Sundstrom          Jordan Nolan             Danny Kristo             Keith Aulie              Adam Almquist            

Goaltenders
Starting : Mike Murphy              
Backup : Matt Hackett             

Extra Forwards
Normal : Eric Boulton, Kirill Kabanov, Martin Frk - PP : Eric Boulton, Kirill Kabanov - PK : Martin Frk
Extra Defensemen
Normal : Will O'Neill, Farm Player22, Farm Player14 - PP : Will O'Neill - PK : Farm Player22, Farm Player14
Penalty Shots
Martin Frk, Danny Kristo, Jesper Fast, Matt Puempel, Eric Boulton

% Time on Ice - Admirals NSH

Lines # - Real PCT - Wanted PCT - Time Play
Normal Forward
1 - 28% - 28% - 14:33
2 - 29% - 28% - 14:39
3 - 17% - 22% - 8:39
4 - 26% - 22% - 13:13
Normal Defense
1 - 30% - 30% - 15:10
2 - 32% - 28% - 16:27
3 - 21% - 21% - 10:58
4 - 17% - 21% - 8:29
PP Forward
1 - 59% - 60% - 2:39
2 - 41% - 40% - 1:50
PP Defense
1 - 53% - 60% - 2:22
2 - 47% - 40% - 2:07
PK Forward
1 - 67% - 60% - 1:31
2 - 33% - 40% - 0:44
PK Defense
1 - 93% - 60% - 2:06
2 - 7% - 40% - 0:09
PK3 Forward
1 - 0% - 60%
2 - 0% - 40%
PK3 Defense
1 - 0% - 60%
2 - 0% - 40%
44 Forward
1 - 74% - 60% - 1:16
2 - 26% - 40% - 0:27
44 Defense
1 - 45% - 60% - 0:46
2 - 55% - 40% - 0:57
Last Minute Offensive  - 0:00
Last Minute Defensive  - 0:29
Total
Forward - 60:00
Defense - 60:00

% Time on Ice - Rampage

Lines # - Real PCT - Wanted PCT - Time Play
Normal Forward
1 - 34% - 35% - 17:28
2 - 28% - 30% - 14:13
3 - 27% - 22% - 13:54
4 - 10% - 13% - 5:12
Normal Defense
1 - 33% - 35% - 16:46
2 - 34% - 30% - 17:16
3 - 27% - 22% - 13:43
4 - 6% - 13% - 3:02
PP Forward
1 - 41% - 60% - 0:55
2 - 59% - 40% - 1:20
PP Defense
1 - 68% - 60% - 1:32
2 - 32% - 40% - 0:43
PK Forward
1 - 88% - 60% - 3:57
2 - 12% - 40% - 0:32
PK Defense
1 - 44% - 60% - 1:58
2 - 56% - 40% - 2:31
PK3 Forward
1 - 0% - 60%
2 - 0% - 40%
PK3 Defense
1 - 0% - 60%
2 - 0% - 40%
44 Forward
1 - 58% - 60% - 1:00
2 - 42% - 40% - 0:43
44 Defense
1 - 52% - 60% - 0:54
2 - 48% - 40% - 0:49
Last Minute Offensive  - 0:46
Last Minute Defensive  - 0:00
Total
Forward - 60:00
Defense - 60:00

Play by Play

1st period


0:01 of 1st period - Mike Blunden wins face-off versus Johan Sundstrom in neutral zone.
0:18 of 1st period - Wrist shot by Corey Tropp.
0:18 of 1st period - Shot Misses the Net.
0:26 of 1st period - Wrist shot by Corey Tropp.
0:26 of 1st period - Stopped by Mike Murphy without a rebound.
0:27 of 1st period - Farm Player14 wins face-off versus Brody Sutter in Rampage zone.
0:27 of 1st period - Farm Player14 is hit by Frazer McLaren.
0:30 of 1st period - Minor Penalty to Farm Player14 for Hooking.
0:31 of 1st period - Eric Boulton wins face-off versus Mike Blunden in Rampage zone.
0:49 of 1st period - Snap shot by Frazer McLaren.
0:49 of 1st period - Shot Blocked by Keith Aulie.
1:01 of 1st period - Slapshot by Frazer McLaren.
1:01 of 1st period - Shot Misses the Net.
1:03 of 1st period - Slapshot by Fredrik Claesson.
1:03 of 1st period - Stopped by Mike Murphy with a rebound.
1:05 of 1st period - Wrist shot by Mike Blunden.
1:05 of 1st period - Shot Blocked by Keith Aulie.
1:07 of 1st period - Slapshot by Fredrik Claesson.
1:07 of 1st period - Shot Misses the Net.
1:19 of 1st period - Minor Penalty to Brody Sutter for Holding Stick.
1:20 of 1st period - Johan Sundstrom wins face-off versus Jamie Tardif in Admirals NSH zone.
2:09 of 1st period - Wrist shot by Jesper Fast.
2:09 of 1st period - Stopped by Johan Gustafsson with a rebound.
2:15 of 1st period - Keith Aulie is hit by Alexey Marchenko and loses puck.
2:26 of 1st period - Snap shot by Jamie Tardif.
2:26 of 1st period - Stopped by Mike Murphy with a rebound.
2:30 of 1st period - Penalty to Farm Player14 is over, Farm Player14 is back on ice.
3:19 of 1st period - Penalty to Brody Sutter is over, Brody Sutter is back on ice.
3:57 of 1st period - Slapshot by Cameron Schilling.
3:57 of 1st period - Stopped by Mike Murphy with a rebound.
3:59 of 1st period - Slapshot by Mike Blunden.
3:59 of 1st period - Stopped by Mike Murphy with a rebound.
4:01 of 1st period - Snap shot by Mike Blunden.
4:01 of 1st period - Deflect By Brody Sutter.
4:01 of 1st period - Shot Misses the Net.
4:01 of 1st period - Puck is out of play.
4:02 of 1st period - Mike Blunden wins face-off versus Farm Player14 in Rampage zone.
4:21 of 1st period - Snap shot by Jesper Fast.
4:21 of 1st period - Shot Misses the Net.
4:53 of 1st period - Wrist shot by Matt Puempel.
4:53 of 1st period - Shot Misses the Net.
4:57 of 1st period - Slapshot by Eric Boulton.
4:57 of 1st period - Shot Misses the Net.
4:59 of 1st period - Slapshot by Will O'Neill.
4:59 of 1st period - Stopped by Johan Gustafsson with a rebound.
5:23 of 1st period - Snap shot by Matt Fraser.
5:23 of 1st period - Stopped by Mike Murphy with a rebound.
6:46 of 1st period - Charles-Olivier Roussel is hit by Adam Cracknell and loses puck.
7:33 of 1st period - Patrick Mullen is hit by Matt Puempel and loses puck.
8:04 of 1st period - Wrist shot by Marcel Noebels.
8:04 of 1st period - Shot Misses the Net.
8:06 of 1st period - Snap shot by Jyrki Jokipakka.
8:06 of 1st period - Deflect By Zach Hamill.
8:06 of 1st period - Stopped by Mike Murphy without a rebound.
8:07 of 1st period - Danny Kristo wins face-off versus Zach Hamill in Rampage zone.
8:42 of 1st period - Snap shot by Johan Sundstrom.
8:42 of 1st period - Shot Blocked by Alexey Marchenko.
8:44 of 1st period - Snap shot by Kirill Kabanov.
8:44 of 1st period - Stopped by Johan Gustafsson with a rebound.
8:46 of 1st period - Slapshot by Johan Sundstrom.
8:46 of 1st period - Shot Blocked by Corey Tropp.
8:48 of 1st period - Wrist shot by Johan Sundstrom.
8:48 of 1st period - Stopped by Johan Gustafsson with a rebound.
11:13 of 1st period - Wrist shot by Zach Hamill.
11:13 of 1st period - Shot Misses the Net.
11:23 of 1st period - Snap shot by Zach Hamill.
11:23 of 1st period - Shot Blocked by Tim Erixon.
11:44 of 1st period - Slapshot by Keith Aulie.
11:44 of 1st period - Stopped by Johan Gustafsson with a rebound.
11:46 of 1st period - Backhand shot by Johan Sundstrom.
11:46 of 1st period - Stopped by Johan Gustafsson with a rebound.
11:48 of 1st period - Slapshot by Adam Almquist.
11:48 of 1st period - Shot Blocked by Alexey Marchenko.
12:25 of 1st period - Snap shot by Jesper Fast.
12:25 of 1st period - Stopped by Johan Gustafsson without a rebound.
12:26 of 1st period - Brody Sutter wins face-off versus Ryan Potulny in Admirals NSH zone.
12:31 of 1st period - Jordan Nolan is hit by Frazer McLaren and loses puck.
13:00 of 1st period - Snap shot by Martin Frk.
13:00 of 1st period - Stopped by Johan Gustafsson with a rebound.
13:32 of 1st period - Corey Tropp is hit by Keith Aulie and loses puck.
13:43 of 1st period - Slapshot by Johan Sundstrom.
13:43 of 1st period - Shot Misses the Net.
13:45 of 1st period - Slapshot by Jordan Nolan.
13:45 of 1st period - Shot Misses the Net.
14:13 of 1st period - Snap shot by Marcel Noebels.
14:13 of 1st period - Shot Blocked by Eric Boulton.
14:56 of 1st period - Frazer McLaren is hit by Danny Kristo and loses puck.
15:49 of 1st period - Wrist shot by Wade Megan.
15:49 of 1st period - Shot Blocked by Tim Erixon.
17:01 of 1st period - Slapshot by Tim Erixon.
17:01 of 1st period - Stopped by Johan Gustafsson without a rebound.
17:02 of 1st period - Brody Sutter wins face-off versus Ryan Potulny in Admirals NSH zone.
18:22 of 1st period - Snap shot by Corey Tropp.
18:22 of 1st period - Shot Blocked by Tim Erixon.
18:46 of 1st period - Matt Puempel is hit by Frederic St. Denis and loses puck.
19:28 of 1st period - Wade Megan is hit by Johan Sundstrom and loses puck.
19:45 of 1st period - Keith Aulie is hit by Adam Cracknell and loses puck.
19:59 of 1st period - Cameron Schilling is hit by Tim Erixon.
Goals for this period are 0 for Admirals NSH vs 0 for Rampage.
Shots for this period are 7 for Admirals NSH vs 9 for Rampage.

2nd period


0:01 of 2nd period - Jamie Tardif wins face-off versus Johan Sundstrom in neutral zone.
0:36 of 2nd period - Wrist shot by Corey Tropp.
0:36 of 2nd period - Shot Misses the Net.
0:42 of 2nd period - Minor Penalty to Jordan Nolan for Hooking.
0:43 of 2nd period - Brody Sutter wins face-off versus Eric Boulton in Rampage zone.
2:08 of 2nd period - Minor Penalty to Matt Fraser for Hooking.
2:09 of 2nd period - Johan Sundstrom wins face-off versus Jamie Tardif in Admirals NSH zone.
2:25 of 2nd period - Snap shot by Danny Kristo.
2:25 of 2nd period - Stopped by Johan Gustafsson with a rebound.
2:42 of 2nd period - Penalty to Jordan Nolan is over, Jordan Nolan is back on ice.
2:58 of 2nd period - Mike Blunden is hit by Jesper Fast and loses puck.
3:03 of 2nd period - Slapshot by Tim Erixon.
3:03 of 2nd period - Stopped by Johan Gustafsson with a rebound.
3:05 of 2nd period - Slapshot by Tim Erixon.
3:05 of 2nd period - Stopped by Johan Gustafsson with a rebound.
3:38 of 2nd period - Brody Sutter is hit by Eric Boulton and loses puck.
4:08 of 2nd period - Penalty to Matt Fraser is over, Matt Fraser is back on ice.
4:14 of 2nd period - Martin Frk is hit by Adam Cracknell.
4:48 of 2nd period - Wrist shot by Frazer McLaren.
4:48 of 2nd period - Shot Blocked by Danny Kristo.
4:50 of 2nd period - Snap shot by Frazer McLaren.
4:50 of 2nd period - Shot Misses the Net.
4:52 of 2nd period - Slapshot by Alexey Marchenko.
4:52 of 2nd period - Deflect By Frazer McLaren.
4:52 of 2nd period - Shot Misses the Net.
4:52 of 2nd period - Puck is out of play.
4:53 of 2nd period - Johan Sundstrom wins face-off versus Adam Cracknell in Rampage zone.
5:49 of 2nd period - Cameron Schilling is hit by Danny Kristo and loses puck.
6:38 of 2nd period - Matt Puempel is hit by Frazer McLaren.
7:02 of 2nd period - Wrist shot by Johan Sundstrom.
7:02 of 2nd period - Stopped by Johan Gustafsson with a rebound.
7:04 of 2nd period - Backhand shot by Tim Erixon.
7:04 of 2nd period - Shot Misses the Net.
7:35 of 2nd period - Corey Tropp is hit by Tim Erixon and loses puck.
8:43 of 2nd period - Slapshot by Martin Frk.
8:43 of 2nd period - Shot Misses the Net.
8:51 of 2nd period - Snap shot by Johan Sundstrom.
8:51 of 2nd period - Stopped by Johan Gustafsson with a rebound.
8:53 of 2nd period - Snap shot by Tim Erixon.
8:53 of 2nd period - Deflect By Johan Sundstrom.
8:53 of 2nd period - Shot Blocked by Adam Cracknell.
8:53 of 2nd period - Puck is out of play.
8:54 of 2nd period - Zach Hamill wins face-off versus Johan Sundstrom in Admirals NSH zone.
9:01 of 2nd period - Charles-Olivier Roussel is hit by Cameron Schilling and loses puck.
9:49 of 2nd period - Wrist shot by Eric Boulton.
9:49 of 2nd period - Shot Blocked by Frederic St. Denis.
10:01 of 2nd period - Slapshot by Adam Almquist.
10:01 of 2nd period - Shot Misses the Net.
10:03 of 2nd period - Slapshot by Keith Aulie.
10:03 of 2nd period - Shot Misses the Net.
10:05 of 2nd period - Slapshot by Keith Aulie.
10:05 of 2nd period - Shot Misses the Net.
10:07 of 2nd period - Wrist shot by Jesper Fast.
10:07 of 2nd period - Goal by Jesper Fast - Admirals NSH : 0 - Rampage : 1.
10:08 of 2nd period - Brody Sutter wins face-off versus Johan Sundstrom in neutral zone.
10:15 of 2nd period - Brody Sutter is hit by Danny Kristo and loses puck.
10:49 of 2nd period - Backhand shot by Brody Sutter.
10:49 of 2nd period - Shot Blocked by Johan Sundstrom.
10:51 of 2nd period - Snap shot by Marcel Noebels.
10:51 of 2nd period - Shot Blocked by Charles-Olivier Roussel.
11:47 of 2nd period - Wrist shot by Frazer McLaren.
11:47 of 2nd period - Shot Blocked by Adam Almquist.
11:49 of 2nd period - Slapshot by Alexey Marchenko.
11:49 of 2nd period - Shot Blocked by Keith Aulie.
12:29 of 2nd period - Alexey Marchenko is hit by Eric Boulton and loses puck.
13:14 of 2nd period - Slapshot by Frederic St. Denis.
13:14 of 2nd period - Stopped by Mike Murphy with a rebound.
13:26 of 2nd period - Kirill Kabanov is hit by Alexey Marchenko and loses puck.
14:17 of 2nd period - Fredrik Claesson is hit by Eric Boulton and loses puck.
14:50 of 2nd period - Patrick Mullen is hit by Martin Frk and loses puck.
15:35 of 2nd period - Wrist shot by Jesper Fast.
15:35 of 2nd period - Shot Misses the Net.
15:55 of 2nd period - Slapshot by Tim Erixon.
15:55 of 2nd period - Shot Misses the Net.
15:57 of 2nd period - Snap shot by Tim Erixon.
15:57 of 2nd period - Deflect By Matt Fraser.
15:57 of 2nd period - Stopped by Johan Gustafsson with a rebound.
15:59 of 2nd period - Snap shot by Eric Boulton.
15:59 of 2nd period - Shot Blocked by Brody Sutter.
17:55 of 2nd period - Snap shot by Corey Tropp.
17:55 of 2nd period - Stopped by Mike Murphy without a rebound.
17:56 of 2nd period - Danny Kristo wins face-off versus Mike Blunden in Rampage zone.
18:09 of 2nd period - Alexey Marchenko is hit by Tim Erixon and loses puck.
18:53 of 2nd period - Snap shot by Jordan Nolan.
18:53 of 2nd period - Shot Blocked by Fredrik Claesson.
18:55 of 2nd period - Snap shot by Johan Sundstrom.
18:55 of 2nd period - Stopped by Johan Gustafsson with a rebound.
18:57 of 2nd period - Slapshot by Adam Almquist.
18:57 of 2nd period - Deflect By Matt Fraser.
18:57 of 2nd period - Stopped by Johan Gustafsson with a rebound.
18:59 of 2nd period - Slapshot by Adam Almquist.
18:59 of 2nd period - Stopped by Johan Gustafsson with a rebound.
19:01 of 2nd period - Slapshot by Will O'Neill.
19:01 of 2nd period - Shot Misses the Net.
19:03 of 2nd period - Wrist shot by Will O'Neill.
19:03 of 2nd period - Stopped by Johan Gustafsson with a rebound.
19:29 of 2nd period - Snap shot by Jamie Tardif.
19:29 of 2nd period - Shot Misses the Net.
19:34 of 2nd period - Minor Penalty to Eric Boulton for Holding.
19:35 of 2nd period - Mike Blunden wins face-off versus Farm Player14 in Rampage zone.
19:49 of 2nd period - Wrist shot by Adam Cracknell.
19:49 of 2nd period - Goal by Adam Cracknell - Admirals NSH : 1 - Rampage : 1.
19:50 of 2nd period - Danny Kristo wins face-off versus Mike Blunden in neutral zone.
Goals for this period are 1 for Admirals NSH vs 1 for Rampage.
Shots for this period are 3 for Admirals NSH vs 11 for Rampage.

3rd period


0:01 of 3rd period - Farm Player14 wins face-off versus Jamie Tardif in neutral zone.
0:04 of 3rd period - Corey Tropp is hit by Martin Frk and loses puck.
0:11 of 3rd period - Wrist shot by Mike Blunden.
0:11 of 3rd period - Stopped by Mike Murphy with a rebound.
0:13 of 3rd period - Backhand shot by Jamie Tardif.
0:13 of 3rd period - Stopped by Mike Murphy with a rebound.
0:15 of 3rd period - Slapshot by Fredrik Claesson.
0:15 of 3rd period - Stopped by Mike Murphy without a rebound.
0:16 of 3rd period - Jamie Tardif wins face-off versus Martin Frk in Rampage zone.
0:16 of 3rd period - Martin Frk and Mike Blunden fight to a draw.
0:16 of 3rd period - Penalty to Martin Frk for Fighting.
0:16 of 3rd period - Penalty to Mike Blunden for Fighting.
0:17 of 3rd period - Farm Player14 wins face-off versus Brody Sutter in Rampage zone.
0:30 of 3rd period - Snap shot by Eric Boulton.
0:30 of 3rd period - Shot Misses the Net.
0:32 of 3rd period - Slapshot by Jesper Fast.
0:32 of 3rd period - Shot Misses the Net.
0:34 of 3rd period - Wrist shot by Jesper Fast.
0:34 of 3rd period - Stopped by Johan Gustafsson with a rebound.
0:36 of 3rd period - Slapshot by Keith Aulie.
0:36 of 3rd period - Shot Blocked by Fredrik Claesson.
0:43 of 3rd period - Snap shot by Eric Boulton.
0:43 of 3rd period - Stopped by Johan Gustafsson without a rebound.
0:44 of 3rd period - Jamie Tardif wins face-off versus Johan Sundstrom in Admirals NSH zone.
1:14 of 3rd period - Backhand shot by Danny Kristo.
1:14 of 3rd period - Stopped by Johan Gustafsson with a rebound.
1:16 of 3rd period - Slapshot by Charles-Olivier Roussel.
1:16 of 3rd period - Shot Blocked by Patrick Mullen.
1:18 of 3rd period - Wrist shot by Danny Kristo.
1:18 of 3rd period - Deflect By Johan Sundstrom.
1:18 of 3rd period - Shot Blocked by Patrick Mullen.
1:18 of 3rd period - Puck is out of play.
1:19 of 3rd period - Farm Player14 wins face-off versus Jamie Tardif in Admirals NSH zone.
1:46 of 3rd period - Slapshot by Keith Aulie.
1:46 of 3rd period - Stopped by Johan Gustafsson with a rebound.
1:48 of 3rd period - Wrist shot by Keith Aulie.
1:48 of 3rd period - Deflect By Jesper Fast.
1:48 of 3rd period - Shot Blocked by Adam Cracknell.
1:48 of 3rd period - Puck is out of play.
1:49 of 3rd period - Brody Sutter wins face-off versus Danny Kristo in Admirals NSH zone.
2:40 of 3rd period - Jamie Tardif is hit by Charles-Olivier Roussel and loses puck.
3:28 of 3rd period - Snap shot by Adam Cracknell.
3:28 of 3rd period - Stopped by Mike Murphy without a rebound.
3:29 of 3rd period - Johan Sundstrom wins face-off versus Jamie Tardif in Rampage zone.
6:36 of 3rd period - Off-side.
6:37 of 3rd period - Johan Sundstrom wins face-off versus Jamie Tardif in neutral zone.
7:12 of 3rd period - Marcel Noebels is hit by Kirill Kabanov and loses puck.
7:21 of 3rd period - Kirill Kabanov is hit by Cameron Schilling and loses puck.
7:35 of 3rd period - Icing by Alexey Marchenko.
7:36 of 3rd period - Farm Player14 wins face-off versus Adam Cracknell in Admirals NSH zone.
8:01 of 3rd period - Snap shot by Johan Sundstrom.
8:01 of 3rd period - Stopped by Johan Gustafsson without a rebound.
8:02 of 3rd period - Mike Blunden wins face-off versus Johan Sundstrom in Admirals NSH zone.
8:15 of 3rd period - Snap shot by Corey Tropp.
8:15 of 3rd period - Goal by Corey Tropp - Admirals NSH : 2 - Rampage : 1.
8:16 of 3rd period - Danny Kristo wins face-off versus Brody Sutter in neutral zone.
8:23 of 3rd period - Wrist shot by Jesper Fast.
8:23 of 3rd period - Stopped by Johan Gustafsson with a rebound.
8:25 of 3rd period - Wrist shot by Jesper Fast.
8:25 of 3rd period - Shot Misses the Net.
8:27 of 3rd period - Wrist shot by Adam Almquist.
8:27 of 3rd period - Stopped by Johan Gustafsson with a rebound.
8:57 of 3rd period - Minor Penalty to Adam Almquist for Interference.
8:58 of 3rd period - Eric Boulton wins face-off versus Mike Blunden in Rampage zone.
9:31 of 3rd period - Snap shot by Brody Sutter.
9:31 of 3rd period - Shot Misses the Net.
10:07 of 3rd period - Charles-Olivier Roussel is hit by Corey Tropp and loses puck.
10:57 of 3rd period - Penalty to Adam Almquist is over, Adam Almquist is back on ice.
11:08 of 3rd period - Wrist shot by Jesper Fast.
11:08 of 3rd period - Stopped by Johan Gustafsson without a rebound.
11:09 of 3rd period - Martin Frk wins face-off versus Brody Sutter in Admirals NSH zone.
11:18 of 3rd period - Farm Player22 is hit by Alexey Marchenko.
11:38 of 3rd period - Jordan Nolan is hit by Corey Tropp and loses puck.
12:05 of 3rd period - Snap shot by Adam Cracknell.
12:05 of 3rd period - Stopped by Mike Murphy with a rebound.
12:07 of 3rd period - Slapshot by Fredrik Claesson.
12:07 of 3rd period - Stopped by Mike Murphy with a rebound.
12:09 of 3rd period - Slapshot by Jyrki Jokipakka.
12:09 of 3rd period - Deflect By Matt Fraser.
12:09 of 3rd period - Shot Blocked by Adam Almquist.
12:09 of 3rd period - Puck is out of play.
12:10 of 3rd period - Adam Cracknell wins face-off versus Farm Player14 in Rampage zone.
13:13 of 3rd period - Snap shot by Matt Puempel.
13:13 of 3rd period - Shot Blocked by Fredrik Claesson.
14:29 of 3rd period - Snap shot by Matt Fraser.
14:29 of 3rd period - Stopped by Mike Murphy with a rebound.
14:31 of 3rd period - Slapshot by Cameron Schilling.
14:31 of 3rd period - Stopped by Mike Murphy with a rebound.
15:39 of 3rd period - Wrist shot by Jamie Tardif.
15:39 of 3rd period - Shot Misses the Net.
16:57 of 3rd period - Slapshot by Keith Aulie.
16:57 of 3rd period - Stopped by Johan Gustafsson with a rebound.
17:29 of 3rd period - Lane MacDermid is hit by Jesper Fast and loses puck.
18:45 of 3rd period - Wrist shot by Mike Blunden.
18:45 of 3rd period - Stopped by Mike Murphy with a rebound.
19:11 of 3rd period - Tim Erixon is hit by Frederic St. Denis and loses puck.
19:30 of 3rd period - Snap shot by Adam Cracknell.
19:30 of 3rd period - Shot Misses the Net.
19:32 of 3rd period - Slapshot by Jyrki Jokipakka.
19:32 of 3rd period - Deflect By Frazer McLaren.
19:32 of 3rd period - Stopped by Mike Murphy with a rebound.
19:34 of 3rd period - Snap shot by Jyrki Jokipakka.
19:34 of 3rd period - Shot Blocked by Tim Erixon.
19:42 of 3rd period - Snap shot by Frazer McLaren.
19:42 of 3rd period - Shot Blocked by Martin Frk.
19:44 of 3rd period - Slapshot by Corey Tropp.
19:44 of 3rd period - Shot Blocked by Tim Erixon.
19:48 of 3rd period - Wrist shot by Corey Tropp.
19:48 of 3rd period - Goal by Corey Tropp - Admirals NSH : 3 - Rampage : 1.
19:49 of 3rd period - Johan Sundstrom wins face-off versus Jamie Tardif in neutral zone.
Goals for this period are 2 for Admirals NSH vs 0 for Rampage.
Shots for this period are 12 for Admirals NSH vs 9 for Rampage.


Output by the SimonT Hockey Simulator (STHS) for Eric Dolegowski -- Original Page W3C XHTML 1.0 Valid
Hockey Simulator - Hockey Simulation - Hockey Manager